 Dungeon Crawl Stone Soup version 0.27-a0-287-gd4424db430 (webtiles) character file.

Game seed: 12451165622278020662

95 dickylongcocking the Caller (level 4, -1/39 HPs)
             Began as a Naga Summoner on Feb 8, 2021.
             Slain by a centaur (6 damage)
             ... on level 5 of the Dungeon.
             The game lasted 00:03:09 (3899 turns).

dickylongcocking the Caller (Naga Summoner)         Turns: 3899, Time: 00:03:10

Health: -1/39      AC:  3    Str: 11    XL:     4   Next: 65%
Magic:  2/7        EV: 10    Int: 16    God:
Gold:   141        SH:  0    Dex: 11    Spells: 1/7 levels left

rFire    . . .     SeeInvis +   b - +0 dagger
rCold    . . .     Faith    .   (no shield)
rNeg     . . .     Spirit   .   a - +0 robe
rPois    +         Reflect  .   (no helmet)
rElec    .         Harm     .   n - +0 cloak
rCorr    .         Rampage  .   (no gloves)
Will     .....                  (no barding)
Stlth    ++........             (no amulet)
HPRegen  0.13/turn              i - ring of flight
MPRegen  0.10/turn              (no ring)

@: very slow
A: large, see invisible, deformed body, poison resistance, slowness 2, spit
poison 1, AC +1
a: Spit Poison, Evoke Flight


You were on level 5 of the Dungeon.
You visited 1 branch of the dungeon, and saw 4 of its levels.

You collected 141 gold pieces.

Inventory:

Hand Weapons
 b - a +0 dagger (weapon)
Armour
 a - a +0 robe (worn)
 e - a cursed +0 kite shield
 n - a +0 cloak (worn)
Jewellery
 i - a ring of flight (left hand)
Scrolls
 c - 3 scrolls of teleportation {unknown}
 f - 3 scrolls of remove curse {unknown}
 g - 2 scrolls of enchant armour {unknown}
 k - a scroll of magic mapping {unknown}
 l - a scroll of enchant weapon {unknown}
Potions
 d - a potion of brilliance {unknown}
 h - a potion of magic {unknown}
 j - 2 potions of curing {unknown}
 m - a potion of mutation {unknown}
 o - a potion of haste {unknown}


   Skills:
 * Level 1.7 Fighting
 - Level 1.5 Dodging
 - Level 3.0 Stealth
 - Level 2.0 Spellcasting
 * Level 5.5 Summonings


You had one spell level left.
You knew the following spells:

 Your Spells              Type           Power        Failure   Level
a - Summon Small Mammal   Summ           76%          2%          1
b - Call Imp              Summ           19%          3%          2
c - Call Canine Familiar  Summ           19%          6%          3

Your spell library contained the following spells:

 Spells                   Type           Power        Failure   Level
 Summon Guardian Golem    Hex/Summ       10%          21%         3
 Summon Ice Beast         Ice/Summ       10%          54%         4
 Summon Lightning Spire   Summ/Air       10%          54%         4


Dungeon Overview and Level Annotations

Branches:
Dungeon (3/15)

Altars:
Trog


Innate Abilities, Weirdness & Mutations

You cannot wear boots.
Your serpentine skin is tough. (AC +1)
You have supernaturally acute eyesight. (SInv)
Armour fits poorly on your strangely shaped body.
Your system is resistant to poisons. (rPois)
You cover ground very slowly.
You can spit poison.


Message History

A centaur is nearby!
A centaur is nearby!
The centaur shouts!
The centaur hits you! The centaur barely misses you.
You hit the centaur but do no damage. The centaur hits you!
Casting: Call Canine Familiar (dangerous; 6% risk of failure)
Confirm with . or Enter, or press ? or * to list all spells.
A beastly little devil appears in a puff of flame.
The centaur closely misses you. The centaur hits you!
Unknown command.
You closely miss the centaur. The centaur hits you.
Unknown command.
Okay, then.
The centaur hits you!
* * * LOW HITPOINT WARNING * * *
Your crimson imp blinks!
Casting: Call Imp (safe; 3% risk of failure)
Confirm with . or Enter, or press ? or * to list all spells.
The centaur hits you.
You die...

#. . .##. #
..... .#
.....####.
......... #
#.##....###.##
#.....h@.....#
...##.##c##..#
#.....# #
#####.# .# .#
.# ##


You could see a centaur and a friendly hound (summoned).

Vanquished Creatures
  An adder (D:2)
  A ball python (D:1)
  A giant cockroach (D:2)
  3 goblins
  2 hobgoblins
  A bat (D:1)
  A frilled lizard (D:1)
  2 rats (D:1)
12 creatures vanquished.

Vanquished Creatures (collateral kills)
  A hound (D:2)
  Crazy Yiuf (D:2)
  3 gnolls (D:2)
  4 worms
  A dart slug (D:3)
  A leopard gecko (D:2)
  3 goblins
  5 hobgoblins
  3 jackals (D:2)
  6 kobolds
  4 bats
  A frilled lizard (D:1)
33 creatures vanquished.

Vanquished Creatures (others)
  22 plants (D:2)
22 creatures vanquished.

Grand Total: 67 creatures vanquished

Notes
Turn   | Place    | Note
-------+----------+-------------------------------------------
     0 | D:1      | dickylongcocking the Naga Summoner began the quest for the
                  | Orb.
     0 | D:1      | Reached XP level 1. HP: 15/15 MP: 3/3
   811 | D:1      | Reached XP level 2. HP: 15/22 MP: 0/5
  1215 | D:1      | Learned a level 2 spell: Call Imp
  2137 | D:2      | Reached skill level 5 in Summonings
  2137 | D:2      | Reached XP level 3. HP: 24/28 MP: 0/6
  2512 | D:2      | Learned a level 3 spell: Call Canine Familiar
  2826 | D:2      | Reached skill level 1 in Fighting
  2826 | D:2      | Reached XP level 4. HP: 12/38 MP: 4/7
  3076 | D:2      | Found a runed translucent door.
  3077 | D:2      | Noticed Crazy Yiuf
  3512 | D:2      | Found a bloodstained altar of Trog.
  3712 | D:2      | Killed Crazy Yiuf
  3893 | D:3      | You fall into a shaft and drop 2 floors!
  3893 | D:5      | Entered Level 5 of the Dungeon
  3894 | D:5      | Noticed a centaur
  3899 | D:5      | Slain by a centaur

Illustrated notes

Levels and vault maps discovered:
D:1:      wheals_arrival_linesprint, layout_loops_ring, minmay_indecisive_spiral
D:2:      layout_rooms, lightli_temple_of_fire, serial_forest,
          infiniplex_forest_clump_diagonal, infiniplex_forest_clump_diagonal,
          infiniplex_forest_lined_4_way, infiniplex_forest_corner_1,
          infiniplex_forest_clump_double, infiniplex_forest_end_2,
          infiniplex_forest_lined_corner, infiniplex_forest_clump_curved,
          uniq_crazy_yiuf_cottage
D:3:      layout_basic
D:5:      layout_basic, marbit_many_paths, bh_walls_and_bars

Skill      XL: |  1  2  3 |
---------------+----------+-----
Summonings     | 5 |  5.5
Fighting       | 1 |  1.7
Dodging        | |  1.5
Stealth        | |  3.0
Spellcasting   | |  2.0

Action                   |  1- 3 |  4- 6 || total
-------------------------+-------+-------++-------
Melee: Dagger            |    50 |    19 ||    69
       Unarmed           |     2 |       ||     2
 Cast: Summon Small Mamm |    29 |       ||    29
       Call Imp          |    10 |     9 ||    19
       Call Canine Famil |     4 |     6 ||    10
 Abil: Spit Poison       |     6 |       ||     6
  Use: Potion            |     1 |       ||     1
Armor: Robe              |    11 |     6 ||    17
Dodge: Dodged            |    34 |    14 ||    48

Table legend: (Time is in decaauts)
 A = Elapsed time spent in this place.
 B = Non-inter-level travel time spent in this place.
 C = Inter-level travel time spent in this place.
 D = Time resting spent in this place.
 E = Time spent auto-exploring this place.
 F = Levels seen in this place.
 G = Mean time per level.
                   A        B        C        D        E       F      G
               +--------+--------+--------+--------+--------+-----+--------+
         Total |   4497 |   4238 |    259 |    980 |   2817 |   4 | 1124.2 |
       Dungeon |   4497 |   4238 |    259 |    980 |   2817 |   4 | 1124.2 |
               +--------+--------+--------+--------+--------+-----+--------+

Top non-repeatable levels by time:
     D:1: 2324 daAuts
     D:2: 2061 daAuts
     D:3: 104 daAuts
     D:5: 6 daAuts
